 Dungeon Crawl Stone Soup version 0.27-a0-1189-gb8eb6cee8e (webtiles) character file.

Game seed: 13807524183168401743

242 freelancePsychic the Conjurer (level 5, 0/42 HPs)
             Began as a Demigod Conjurer on May 23, 2021.
             Slain by a gnoll
             ... wielding a +0 whip
              (5 damage)
             ... on level 4 of the Dungeon.
             The game lasted 00:10:34 (3688 turns).

freelancePsychic the Conjurer (Demigod Conjurer)    Turns: 3688, Time: 00:10:34

Health: 0/42       AC:  2    Str:  8    XL:     5   Next: 51%
Magic:  1/11       EV: 12    Int: 24    God:
Gold:   171        SH:  0    Dex: 12    Spells: 5/8 levels left

rFire    . . .     SeeInvis .     - Unarmed
rCold    . . .     Faith    .   (no shield)
rNeg     . . .     Spirit   .   a - +0 robe
rPois    .         Reflect  .   (no helmet)
rElec    .         Harm     .   (no cloak)
rCorr    .         Rampage  .   (no gloves)
Will     .....                  (no boots)
Stlth    ++........             (no amulet)
HPRegen  0.14/turn              (no ring)
MPRegen  0.12/turn              (no ring)

@: attractive
A: high mp 1, forlorn
a: no special abilities


You were on level 4 of the Dungeon.
You visited 1 branch of the dungeon, and saw 4 of its levels.

You collected 171 gold pieces.

Inventory:

Missiles
 e - 5 atropa-tipped darts
Armour
 a - a +0 robe (worn)
Jewellery
 j - a ring of positive energy
Scrolls
 c - a scroll of enchant weapon
 g - a scroll of magic mapping
 l - a scroll of vulnerability {unknown}
 m - 2 scrolls of noise
 p - a scroll of identify {@r1}
Potions
 b - a potion of lignification {unknown}
 d - a potion of ambrosia {unknown}
 i - 2 potions of mutation
 n - 2 potions of attraction
 o - a potion of curing {unknown}


   Skills:
 + Level 2.7 Fighting
 - Level 1.8 Dodging
 - Level 1.8 Stealth
 + Level 2.0 Unarmed Combat
 - Level 2.3 Spellcasting
 - Level 4.0 Conjurations
 + Level 2.3 Transmutations


You had 5 spell levels left.
You knew the following spells:

 Your Spells              Type           Power      Damage    Failure   Level
a - Magic Dart            Conj           88%        1d7       2%          1
b - Searing Ray           Conj           44%        3d4       3%          2

Your spell library contained the following spells:

 Spells                   Type           Power      Damage    Failure   Level
 Beastly Appendage        Tmut           28%        N/A       4%          1
 Wereblood                Tmut           14%        N/A       7%          2
 Dazzling Flash           Conj/Hex       24%        N/A       16%         3
 Spider Form              Tmut/Pois      4%         N/A       22%         3
 Fulminant Prism          Conj/Hex       6%         3d7       45%         4
 Iskenderun's Mystic Bla  Conj/Tloc      12%        2d5       45%         4
 Ice Form                 Ice/Tmut       8%         N/A       56%         4
 Hydra Form               Tmut           7%         N/A       77%         5


Dungeon Overview and Level Annotations

Branches:
Dungeon (4/15)
 Temple: D:4-7

Shops:
D:1 *   D:2 [   D:3 :


Innate Abilities, Weirdness & Mutations

Your attributes grow dramatically as you level up.
You have an increased reservoir of magic. (+10% MP)
You shall have no god before yourself.


Message History

It was a potion of attraction.
You feel attractive to monsters. The gnoll shaman is pulled toward you!
The gnoll shaman utters an invocation to its god.
The gnoll shaman is healed somewhat.
The gnoll shaman is pulled toward you!
Casting: Searing Ray (safe; 3% risk of failure)
Confirm with . or Enter, or press ? or * to list all spells.
Aiming: Searing Ray (safe; 3% risk of failure)
Press: ? - help, Shift-Dir - straight line, f - gnoll shaman
Aim: a gnoll shaman, wielding a +0 whip and wearing a +0 leather armour (moderately wounded, 81% to hit)
The searing ray hits the gnoll shaman.
The gnoll shaman is severely wounded. (Press . to maintain the ray.)
The gnoll shaman barely misses you.
The searing ray hits the gnoll shaman.
The gnoll shaman is almost dead.
The gnoll shaman closely misses you.
The gnoll shaman mumbles some strange prayers to its god against you.
You resist with some effort. The gnoll shaman is pulled toward you!
The gnoll shaman prays to its god.
The gnoll shaman is healed somewhat.
The gnoll shaman is pulled toward you!
The gnoll shaman invokes the aid of its god against you.
You resist with some effort. The gnoll shaman is pulled toward you!
Okay, then.
You see here a +0 mace.
The gnoll shaman utters an invocation to its god.
The gnoll shaman is healed somewhat.
The gnoll shaman is pulled toward you! The gnoll is pulled toward you!
Casting: Searing Ray (safe; 3% risk of failure)
Confirm with . or Enter, or press ? or * to list all spells.
Aiming: Searing Ray (safe; 3% risk of failure)
Press: ? - help, Shift-Dir - straight line, f/p - gnoll shaman
Aim: a gnoll shaman, wielding a +0 whip and wearing a +0 leather armour (moderately wounded, 81% to hit)
The searing ray hits the gnoll shaman!
The gnoll shaman is severely wounded. (Press . to maintain the ray.)
The gnoll shaman barely misses you. The gnoll barely misses you.
Without enough magic to sustain it, your searing ray dissipates.
The gnoll shaman barely misses you. The gnoll hits you with a +0 whip.
You die...

############# #...........#
####.#########.# ....#.
#.)......#####.# ≈...#.#
#.##.###.......# .....#
#.##.#########.# .
....#######.##.#.........#
##..#####....##.@g.##.#.#######.#
.............##g#####.#.# #..
#..<...(.......## #.#.# #..
#..####.........# #.#.#######.[
......#...)≈≈...####..g...g.....
#....≈≈≈≈≈≈≈........Bg.g###.. #.
#...≈≈≈≈≈≈≈≈≈..........g.##..
#.##..≈≈≈≈≈≈≈≈≈≈≈.########..##..
##.##..≈≈≈≈.<.≈≈≈≈..# #..##..


You could see a gnoll shaman and a gnoll.

Vanquished Creatures
  A necrophage (D:4)
  A bullfrog skeleton (D:3)
  A centaur skeleton (D:4)
  Natasha (D:2)
  A gnoll (D:4)
  An adder (D:4)
  2 orcs
  A ball python (D:3)
  7 endoplasms
  7 goblins
  7 hobgoblins
  7 jackals
  4 kobolds
  A quokka (D:2)
  4 bats
  2 frilled lizards (D:3)
  6 rats
54 creatures vanquished.

Vanquished Creatures (others)
  2 plants (D:4)
2 creatures vanquished.

Grand Total: 56 creatures vanquished

Notes
Turn   | Place    | Note
-------+----------+-------------------------------------------
     0 | D:1      | freelancePsychic the Demigod Conjurer began the quest for
                  | the Orb.
     0 | D:1      | Reached XP level 1. HP: 14/14 MP: 5/5
   236 | D:1      | Found Fopris's General Store.
   324 | D:1      | Reached XP level 2. HP: 13/22 MP: 0/7
   969 | D:2      | Found Onten's Armour Shop.
   983 | D:2      | Reached skill level 4 in Conjurations
  1107 | D:2      | You fall into a shaft and drop 2 floors!
  1134 | D:4      | Noticed a necrophage
  1200 | D:3      | Learned a level 2 spell: Searing Ray
  1234 | D:3      | Found Xamniheka's Book Shoppe.
  1393 | D:3      | Reached skill level 1 in Fighting
  1470 | D:3      | Reached XP level 3. HP: 23/28 MP: 1/9
  1726 | D:3      | Reached skill level 1 in Transmutations
  2372 | D:2      | Noticed Natasha
  2649 | D:2      | Killed Natasha
  2650 | D:2      | Reached XP level 4. HP: 36/36 MP: 3/10
  3326 | D:4      | Reached skill level 1 in Unarmed Combat
  3503 | D:4      | Killed a necrophage
  3504 | D:4      | Reached XP level 5. HP: 42/42 MP: 3/11
  3648 | D:4      | HP: 2/42 [gnoll/+1 spear of venom (3)]
  3660 | D:4      | HP: 2/42 [poisoned by a gnoll]
  3688 | D:4      | Slain by a gnoll

Illustrated notes

Levels and vault maps discovered:
D:1:      minmay_arrival_jagged, layout_basic, serial_shops, shop,
          ebering_dispersal_statue_hall
D:2:      layout_loops_ring, serial_shops, shop, basic_altar,
          chequers_ecumenical_altar_simple, uniq_natasha
D:3:      layout_loops_ring, gammafunk_temple_overflow_pools, serial_shops,
          shop_fountains
D:4:      layout_loops_ring, fedhas_ov_isle_minmay, serial_rivers,
          chequers_serial_rivers_small_3, chequers_serial_rivers_small_b,
          chequers_serial_rivers_room_a, chequers_serial_rivers_room_a,
          chequers_serial_rivers_small_b, chequers_serial_rivers_micro_c

Skill      XL: |  1  2  3  4  5 |
---------------+----------------+-----
Spellcasting   | 2 |  2.3
Conjurations   | 4 |  4.0
Fighting       | 1 2 |  2.7
Transmutations | 1 2 |  2.3
Unarmed Combat | 1 2 |  2.0
Dodging        | |  1.8
Stealth        | |  1.8

Action                   |  1- 3 |  4- 6 || total
-------------------------+-------+-------++-------
Melee: Unarmed           |     7 |     1 ||     8
 Cast: Magic Dart        |    65 |    16 ||    81
       Searing Ray       |    10 |    14 ||    24
  Use: Scroll            |     5 |     3 ||     8
       Potion            |       |     3 ||     3
Armor: Robe              |     5 |       ||     5
Dodge: Dodged            |    15 |    19 ||    34

Table legend: (Time is in decaauts)
 A = Elapsed time spent in this place.
 B = Non-inter-level travel time spent in this place.
 C = Inter-level travel time spent in this place.
 D = Time resting spent in this place.
 E = Time spent auto-exploring this place.
 F = Levels seen in this place.
 G = Mean time per level.
                   A        B        C        D        E       F      G
               +--------+--------+--------+--------+--------+-----+--------+
         Total |   3697 |   3552 |    145 |     55 |   3082 |   4 |  924.2 |
       Dungeon |   3697 |   3552 |    145 |     55 |   3082 |   4 |  924.2 |
               +--------+--------+--------+--------+--------+-----+--------+

Top non-repeatable levels by time:
     D:3: 1292 daAuts
     D:1: 838 daAuts
     D:2: 795 daAuts
     D:4: 771 daAuts
